 Dungeon Sprint DCSS version 0.26-a0-660-gc07710193c (webtiles) character file.

Game seed: 7216117590248400415

244 rocky1 the Fighter (level 5, -2/53 HPs)
             Began as a Minotaur Fighter on Oct 8, 2020.
             Was an Elder of Cheibriados.
             Killed by divine providence
             ... invoked by an orc priest
              (13 damage)
             ... in the Dungeon (Sprint VII: "The Pits").
             The game lasted 00:01:43 (215 turns).

rocky1 the Fighter (Minotaur Fighter)                Turns: 215, Time: 00:01:44

Health: -2/53      AC: 15    Str: 31    XL:     5   Next: 83%
Magic:  4/4        EV:  8    Int: 15    God:    Cheibriados [****..]
Gold:   0          SH: 13    Dex: 20    Spells: 4/4 levels left

rFire    . . .     SeeInvis .   a - +0 war axe
rCold    . . .     Faith    .   c - +0 kite shield
rNeg     . . .     Spirit   .   o - +2 plate armour
rPois    .         Reflect  .   (helmet restricted)
rElec    .         Harm     .   (no cloak)
rCorr    .         Rampage  .   (no gloves)
MR       .....     NoTele   +   (no boots)
Stlth    ..........             (no amulet)
HPRegen  0.17/turn              (no ring)
MPRegen  0.09/turn              (no ring)

@: very slow
A: retaliatory headbutt, horns 2
a: Bend Time, Temporal Distortion, Slouch, Renounce Religion


You were in the Dungeon.
You worshipped Cheibriados.
Cheibriados was greatly pleased with you.
You visited 1 branch

Inventory:

Hand Weapons
 a - a +0 war axe (weapon)
Armour
 b - a +0 scale mail
 c - a +0 kite shield (worn)
 o - a +2 plate armour (worn)
Scrolls
 j - a scroll of blinking
 l - 3 scrolls of remove curse
 m - 5 scrolls of amnesia
 n - a scroll of summoning
Potions
 d - a potion of might
 e - 6 potions of curing
 f - 6 potions of heal wounds
 g - a potion of haste
 h - 4 potions of magic
 i - 3 potions of berserk rage
 k - 2 potions of invisibility


   Skills:
 + Level 8.3 Fighting
 + Level 7.2 Axes
 + Level 7.8 Armour
 + Level 1.9 Dodging
 + Level 8.3 Shields


You had 4 spell levels left.
You didn't know any spells.
Your spell library was empty.

Dungeon Overview and Level Annotations

Branches:
Dungeon (1/1)

Altars:
Ashenzari
Cheibriados
Dithmenos
Elyvilon
Fedhas
Gozag
Hepliaklqana
Kikubaaqudgha
Makhleb
Nemelex Xobeh
Okawaru
Qazlal
Ru
Sif Muna
Trog
Uskayaw
Vehumet
Wu Jian
Xom
Yredelemnul
Zin
The Shining One
Beogh
Jiyva
Lugonu


Innate Abilities, Weirdness & Mutations

You reflexively headbutt those who attack you in melee.
You have a pair of horns on your head.


Message History

The big kobold hits you with a +0 short sword.
* * * LOW HITPOINT WARNING * * *
You closely miss the big kobold. You headbutt the big kobold!
The big kobold is moderately wounded.
You block the big kobold's attack. x2
You slash the big kobold! You headbutt the big kobold!
You kill the big kobold!
Cheibriados thoroughly appreciates the change of pace.
You can now inflict damage on those overly hasty.
Cheibriados raises the support of your attributes as your movement slows.
Your Fighting skill increases to level 8!
Your Axes skill increases to level 7!
Your Shields skill increases to level 8!
You slash the orc!
You kill the orc!
Cheibriados appreciates the change of pace.
Cheibriados raises the support of your attributes as your movement slows.
The orc priest invokes the aid of Beogh against you.
Beogh smites you!
You die...

#..........)'.....
#'#####†#####.....
#.#..#..†..##.....
#.#))#####)#####'#
#.#))#.....##.....
#.#))#.....##.....
#.#[.###)####.....
#.##'#..)..##...<.
#@#........##.....
#F#........##.....
#'###########.....
#oz..z..# ######
#.z###..# #...
##.## .. o#


You could see a bullfrog, 2 wights and an orc priest.

Vanquished Creatures
  An ice beast (D)
  A big kobold (D)
  A wight (D)
  A mummy (D)
  A gnoll (D)
  An adder (D)
  3 orcs (D)
  2 ball pythons (D)
  A hobgoblin (D)
  A giant cockroach zombie (D)
  2 kobolds (D)
15 creatures vanquished.

Notes
Turn   | Place    | Note
-------+----------+-------------------------------------------
     0 | D        | rocky1 the Minotaur Fighter began the quest for the Orb.
     0 | D        | Reached XP level 1. HP: 19/19 MP: 0/0
    19 | D        | Found a bloodstained altar of Trog.
    19 | D        | Found a shimmering blue altar of Sif Muna.
    19 | D        | Found a viscous altar of Jiyva.
    19 | D        | Found a hazy altar of Hepliaklqana.
    19 | D        | Found an opulent altar of Gozag.
    20 | D        | Found a glowing golden altar of the Shining One.
    20 | D        | Found a glowing silver altar of Zin.
    20 | D        | Found a basalt altar of Yredelemnul.
    20 | D        | Found a shimmering altar of Xom.
    20 | D        | Found an ornate altar of the Wu Jian Council.
    20 | D        | Found a sacrificial altar of Ru.
    20 | D        | Found a stormy altar of Qazlal.
    20 | D        | Found an iron altar of Okawaru.
    20 | D        | Found a sparkling altar of Nemelex Xobeh.
    20 | D        | Found a burning altar of Makhleb.
    20 | D        | Found a blossoming altar of Fedhas.
    20 | D        | Found a white marble altar of Elyvilon.
    20 | D        | Found a shadowy altar of Dithmenos.
    20 | D        | Found a snail-covered altar of Cheibriados.
    22 | D        | Found a radiant altar of Vehumet.
    22 | D        | Found a corrupted altar of Lugonu.
    22 | D        | Found a roughly hewn altar of Beogh.
    23 | D        | Found a hide-covered altar of Uskayaw.
    23 | D        | Found an ancient bone altar of Kikubaaqudgha.
    23 | D        | Found a broken altar of Ashenzari.
    33 | D        | Became a worshipper of Cheibriados the Contemplative
    87 | D        | Reached * piety under Cheibriados
    95 | D        | Noticed an ice beast
    97 | D        | Reached ** piety under Cheibriados
   102 | D        | Reached skill level 5 in Fighting
   102 | D        | Reached XP level 2. HP: 28/29 MP: 1/1
   107 | D        | Reached skill level 5 in Armour
   107 | D        | Reached skill level 5 in Shields
   112 | D        | Killed an ice beast
   112 | D        | Reached *** piety under Cheibriados
   112 | D        | Reached skill level 5 in Axes
   112 | D        | Reached skill level 1 in Dodging
   112 | D        | Reached XP level 3. HP: 27/39 MP: 2/2
   112 | D        | Reached XP level 4. HP: 33/47 MP: 3/3
   196 | D        | Noticed a big kobold
   201 | D        | Noticed a bullfrog
   209 | D        | Reached XP level 5. HP: 30/53 MP: 4/4
   214 | D        | Reached **** piety under Cheibriados
   215 | D        | Killed from afar by an orc priest

Illustrated notes

Levels and vault maps discovered:
D:        pitsprint [storerooms_1, entrance_room_1, metal_vault_4, armoury_2,
          mini_pit_1, grid_room_1, main_hall_1, silver_pit, the_coven_3,
          the_vestibule_1, steel_vault_2, golden_pit, hallway_of_sentries,
          crystal_vault_5, iron_vault_4, final_vault]

Skill      XL: |  1  2  3  4  5 |
---------------+----------------+-----
Fighting       | 5 7 8 |  8.3
Armour         | 4 6 7 |  7.8
Shields        | 4 6 7 8 |  8.3
Axes           | 3 5 6 7 |  7.2
Dodging        | 1 |  1.9

Action                   |  1- 3 |  4- 6 || total
-------------------------+-------+-------++-------
Melee: War axe           |    28 |    17 ||    45
       Headbutt          |     7 |     5 ||    12
Armor: Scale mail        |    10 |       ||    10
       Plate armour      |       |     1 ||     1
Dodge: Dodged            |    12 |     2 ||    14
Block: Kite shield       |    15 |     9 ||    24

Table legend: (Time is in decaauts)
 A = Elapsed time spent in this place.
 B = Non-inter-level travel time spent in this place.
 C = Inter-level travel time spent in this place.
 D = Time resting spent in this place.
 E = Time spent auto-exploring this place.
 F = Levels seen in this place.
 G = Mean time per level.
                   A        B        C        D        E       F      G
               +--------+--------+--------+--------+--------+-----+--------+
         Total |    285 |    285 |      0 |      0 |      0 |   1 |  285.0 |
       Dungeon |    285 |    285 |      0 |      0 |      0 |   1 |  285.0 |
               +--------+--------+--------+--------+--------+-----+--------+

Top non-repeatable levels by time:
       D: 285 daAuts
